 Dungeon Crawl Stone Soup version 0.20.0-10-g0535bb4 (webtiles) character file.

46 Fenrisulfr the Grasshopper (level 3, -1/16 HPs)
             Began as a Felid Warper on June 5, 2017.
             Slain by Sigmund
             ... wielding a +2 scythe of protection
              (12 damage)
             ... on level 2 of the Dungeon.
             The game lasted 00:04:38 (2020 turns).

Fenrisulfr the Grasshopper (Felid Warper)           Turns: 2020, Time: 00:04:38

Health: -1/16      AC:  1    Str:  7    XL:     3   Next: 46%
Magic:  7/7        EV: 18    Int: 15    God:
Gold:   77         SH:  0    Dex: 15    Spells: 4/6 levels left
                                        Lives:  0   Deaths: 0

rFire    . . .     SeeInvis +     - Unarmed
rCold    . . .     Gourm    .   (shield unavailable)
rNeg     . . .     Faith    .   (armour unavailable)
rPois    .         Spirit   .   (helmet unavailable)
rElec    .         Reflect  .   (cloak unavailable)
rCorr    .         Harm     .   (gloves unavailable)
MR       .....                  (boots unavailable)
Stlth    ++........             (no amulet)
Regen    0.1/turn               (no ring)
MPRegen  0.1/turn               (no ring)

@: confused, quick
A: no armour, no weapons or thrown items, stealth, claws 1, fangs 3, see
invisible, carnivore 3, speed 1, shaggy fur 1, slow metabolism 1, sharp paws
a: no special abilities


You were on level 2 of the Dungeon.
You were completely stuffed.

You visited 1 branch of the dungeon, and saw 2 of its levels.

You collected 77 gold pieces.

Inventory:

Wands
 i - a wand of paralysis (11/24)
Scrolls
 b - a scroll of blinking
 e - 2 scrolls of remove curse {unknown}
Potions
 f - a potion of brilliance {unknown}
 g - a potion of magic {unknown}
 j - a potion of curing
Books
 a - a book of Spatial Translocations

   Spells                             Type                      Level
   a - Blink                          Translocation                2
   b - Shroud of Golubria             Charms/Translocation         2
   c - Lesser Beckoning               Translocation                3
   d - Gell's Gravitas                Translocation                3
   e - Teleport Other                 Translocation                3
   f - Passage of Golubria            Translocation                4
Comestibles
 c - 2 meat rations
 d - a royal jelly
 h - 2 chunks of flesh


   Skills:
 - Level 2.0 Fighting
 - Level 3.2 Dodging
 + Level 4.4 Stealth
 - Level 2.0 Unarmed Combat
 - Level 2.1 Spellcasting
 - Level 4.4 Translocations


You had 4 spell levels left.
You knew the following spells:

 Your Spells              Type           Power        Failure   Level  Hunger
a - Blink                 Tloc           N/A          5%          2    ###....


Dungeon Overview and Level Annotations

Branches:
Dungeon (2/15)

Altars:

Annotations:
D:2 Sigmund


Innate Abilities, Weirdness & Mutations

You cannot wear armour.
You are incapable of wielding weapons or throwing items.
Your paws allow you to move quietly. (Stealth)
You have sharp claws.
You have razor-sharp teeth.
You have supernaturally acute eyesight. (SInv)
You are carnivorous and can eat meat at any time.
You cover ground quickly.
You are covered in fur. (AC +1)
You have a slow metabolism.
Your sharp claws are effective at attacking unaware monsters.


Message History

No target in view!
Sigmund misses you.
The frilled lizard hisses angrily.
You miss the frilled lizard. The frilled lizard closely misses you.
You scratch the frilled lizard. Your bite misses the frilled lizard.
The frilled lizard is heavily wounded.
Sigmund barely misses you. The frilled lizard barely misses you.
You barely miss the frilled lizard. You bite the frilled lizard.
You kill the frilled lizard!
Sigmund gestures at you while chanting.
You are confused.
Unknown command.
You bump into the rock wall.
Sigmund closely misses you.
Unknown command.
You're too confused to move!
Unknown command.
You bump into the rock wall.
Sigmund hits you from afar with a scythe of protection!
Ouch! That really hurt!
You die...

#...........#
####....h......#
#..............#
#.##....######## ##
#.........# ...
#..#.##.#.# ....
##.[#(.#..#######.....
#.#.##.#..#.<........
#.#)##(#.@....##.!..
#..#..#@.##...# .
#.#.##.#†##...# #..
.....##...# ##
########...# ....#
######


You could see Sigmund.

Vanquished Creatures
  A dart slug (D:2)
  A giant cockroach (D:1)
  4 goblins (D:1)
  3 hobgoblins (D:1)
  12 jackals
  5 kobolds
  A quokka (D:2)
  A ball python (D:2)
  3 bats (D:1)
  A frilled lizard (D:2)
  6 rats
38 creatures vanquished.

Notes
Turn   | Place    | Note
-------+----------+-------------------------------------------
     0 | D:1      | Fenrisulfr the Felid Warper began the quest for the Orb.
     0 | D:1      | Reached XP level 1. HP: 9/9 MP: 4/4
   252 | D:1      | Reached skill level 1 in Stealth
   574 | D:1      | Reached XP level 2. HP: 13/13 MP: 6/6
  1101 | D:1      | Learned a level 2 spell: Blink
  1276 | D:1      | Reached XP level 3. HP: 9/16 MP: 7/7
  1620 | D:2      | Noticed Sigmund
  2020 | D:2      | Slain by Sigmund

Skill      XL: |  1  2  3 |
---------------+----------+-----
Stealth        | 2 3 4 |  4.4
Fighting       | |  2.0
Dodging        | |  3.2
Unarmed Combat | |  2.0
Spellcasting   | |  2.1
Translocations | |  4.4

Action                   || total
-------------------------++-------
Melee: Unarmed           ||   134
       Bite              ||     8
       Punch             ||     2
 Cast: Blink             ||     3
  Use: Potion            ||     2
 Stab: Sleeping          ||    13
  Eat: Chunk             ||    10
Armor: Skin              ||    20
Dodge: Dodged            ||   118
